 Dungeon Crawl Stone Soup version 0.26-a0-542-gbaa144ba5c (webtiles) character file.

Game seed: 13840280161469531159

47 ReteAZ the Sneak (level 3, -4/21 HPs)
             Began as a Kobold Brigand on Aug 17, 2020.
             Slain by Grinder (6 damage)
             ... while paralysed by Grinder
             ... on level 3 of the Dungeon.
             The game lasted 00:01:12 (919 turns).

ReteAZ the Sneak (Kobold Brigand)                    Turns: 919, Time: 00:01:13

Health: -4/21      AC:  3    Str:  8    XL:     3   Next: 97%
Magic:  3/3        EV:  3    Int: 12    God:
Gold:   35         SH:  0    Dex: 17    Spells: 2/2 levels left

rFire    . . .     SeeInvis .   g - +0 dagger (venom)
rCold    . . .     Faith    .   (shield restricted)
rNeg     . . .     Spirit   .   b - +0 robe
rPois    .         Reflect  .   (no helmet)
rElec    .         Harm     .   c - +0 cloak
rCorr    .                      (no gloves)
MR       .....                  (no boots)
Stlth    +++++.....             (no amulet)
HPRegen  0.07/turn              (no ring)
MPRegen  0.08/turn              (no ring)

@: paralysed
A: small, nightstalker 3
a: no special abilities


You were on level 3 of the Dungeon.
You visited 1 branch of the dungeon, and saw 3 of its levels.

You collected 35 gold pieces.

Inventory:

Hand Weapons
 a - a +2 dagger
 g - a +0 dagger of venom (weapon)
 j - a +1 dagger of speed
Missiles
 d - 22 poisoned darts (quivered)
 e - 2 curare-tipped darts
Armour
 b - a +0 robe (worn)
 c - a +0 cloak (worn)
Scrolls
 h - a scroll of fog {unknown}
 i - 2 scrolls of identify {unknown}
 k - a scroll of blinking {unknown}
 l - a scroll of enchant weapon {unknown}
Potions
 f - a potion of resistance {unknown}


   Skills:
 - Level 2.1 Fighting
 - Level 2.6 Short Blades
 - Level 2.1 Throwing
 - Level 1.2 Dodging
 + Level 7.3 Stealth


You had 2 spell levels left.
You didn't know any spells.
Your spell library was empty.

Dungeon Overview and Level Annotations

Branches:
Dungeon (2/15)

Altars:

Annotations:
D:3 Grinder


Innate Abilities, Weirdness & Mutations

You are small and have problems with some larger weapons.
You are completely attuned to the shadows.


Message History

Grinder hits you.
You writhe in agony.
You barely miss Grinder. You hit Grinder.
Grinder is poisoned.
Grinder is lightly wounded.
Grinder blinks!
Grinder barely misses you.
You hit Grinder.
Grinder is moderately wounded.
Grinder misses you.
You hit Grinder but do no damage.
Grinder looks as sick as possible!
Grinder is moderately wounded.
Grinder gestures at you. Pain shoots through your body!
* * * LOW HITPOINT WARNING * * *
Grinder gestures at you.
You suddenly lose the ability to move!
Grinder hits you.
* * * LOW HITPOINT WARNING * * *
You writhe in agony.
You die...

..###.##.#
#.....
.####..#.##
...........
...........
##.###.#...#
......†......
....##.#...##
##..##@#.....
#....5.......
#.#...##......
.............
.......#.....
##.....#....
#.....#
.......
#.....#.


You could see Grinder (very poisoned).

Vanquished Creatures
  An adder (D:3)
  2 oozes (D:1)
  A worm (D:2)
  A dart slug (D:1)
  A leopard gecko (D:2)
  A goblin (D:1)
  A hobgoblin (D:1)
  3 jackals (D:1)
  2 bats
  3 frilled lizards (D:1)
  4 kobolds
  10 rats
30 creatures vanquished.

Notes
Turn   | Place    | Note
-------+----------+-------------------------------------------
     0 | D:1      | ReteAZ the Kobold Brigand began the quest for the Orb.
     0 | D:1      | Reached XP level 1. HP: 12/12 MP: 1/1
   111 | D:1      | Reached skill level 6 in Stealth
   111 | D:1      | Reached XP level 2. HP: 17/17 MP: 2/2
   357 | D:1      | Reached XP level 3. HP: 21/21 MP: 3/3
   810 | D:2      | Reached skill level 7 in Stealth
   884 | D:2      | You fall into a shaft and drop 1 floor!
   906 | D:3      | Noticed Grinder
   917 | D:3      | Paralysed by Grinder for 3 turns
   919 | D:3      | Slain by Grinder

Illustrated notes

Levels and vault maps discovered:
D:1:      mushboom_english_gardens, layout_basic
D:2:      minmay_diamond_boxcup, layout_rooms, marbit_many_paths,
          nicolae_overflow_hidden_temple
D:3:      layout_basic, lemuel_crystal_altar, uniq_terence, uniq_grinder,
          uniq_robin

Skill      XL: |  1  2  3 |
---------------+----------+-----
Stealth        | 6 7 |  7.3
Fighting       | |  2.1
Short Blades   | |  2.6
Throwing       | |  2.1
Dodging        | |  1.2

Action                   || total
-------------------------++-------
Melee: Dagger            ||    64
 Stab: Sleeping          ||    19
       Distracted        ||     1
Armor: Robe              ||    14
Dodge: Dodged            ||    36

Table legend: (Time is in decaauts)
 A = Elapsed time spent in this place.
 B = Non-inter-level travel time spent in this place.
 C = Inter-level travel time spent in this place.
 D = Time resting spent in this place.
 E = Time spent auto-exploring this place.
 F = Levels seen in this place.
 G = Mean time per level.
                   A        B        C        D        E       F      G
               +--------+--------+--------+--------+--------+-----+--------+
         Total |    909 |    873 |     36 |      0 |    696 |   3 |  303.0 |
       Dungeon |    909 |    873 |     36 |      0 |    696 |   3 |  303.0 |
               +--------+--------+--------+--------+--------+-----+--------+

Top non-repeatable levels by time:
     D:1: 759 daAuts
     D:2: 117 daAuts
     D:3: 33 daAuts
